[Event "Late-Titled-Tuesday-Blitz-May-14-2024"]
[Site "Chess.com"]
[Date "2024.05.14"]
[Round "3"]
[White "frederiksvane"]
[Black "oskariot"]
[Result "0-1"]
[WhiteElo "2946"]
[BlackElo "2776"]
[TimeControl "180+1"]
[EndTime "14:29:04 PDT"]
[Termination "oskariot won on time"]

1. c4 g6 2. g3 Bg7 3. Bg2 e5 4. Nc3 d6 5. d3 f5 6. Nf3 Nc6 7. O-O Nf6 8. Rb1 a5 9. a3 O-O 10. b4 axb4 11. axb4 Nd4 12. Nxd4 exd4 13. Nb5 Ng4 14.
h3 Nh6 15. Nxd4 f4 16. Nf3 fxg3 17. fxg3 Nf5 18. Qe1 Ra2 19. Kh2 h5 20. Bg5 Qe8 21. e4 Nd4 22. Nxd4 Bxd4 23. h4 Bg4 24. Rxf8+ Qxf8 25. Bd2 Bf3 26. Kh1 Qf6 27. Qf1 Rxd2 28. Qxf3 Qxf3 29. Bxf3 Be5 30. Bg2 Rxd3 31. Rf1 Rxg3 32.
c5 Rg4 33. Kg1 Rxh4 34. Rd1 Rg4 35. cxd6 cxd6 36. Rd5 Rf4 37. Rb5 Rf7 0-1

[Event "Late-Titled-Tuesday-Blitz-May-14-2024"]
[Site "Chess.com"]
[Date "2024.05.14"]
[Round "3"]
[White "cthulhuuu"]
[Black "Individoom"]
[Result "0-1"]
[WhiteElo "2479"]
[BlackElo "2801"]
[TimeControl "180+1"]
[EndTime "14:29:05 PDT"]
[Termination "Individoom won by resignation"]

1. e4 g6 2. d4 Bg7 3. Nc3 d6 4. f4 a6 5. a4 Nc6 6. Nf3 Nf6 7. e5 dxe5 8. dxe5 Qxd1+ 9. Nxd1 Nd5 10. Bc4 Be6 11.
b3 h6 12. O-O O-O-O 13. Bxd5 Rxd5 14. Ne3 Rd7 15. Ba3 f6 16. exf6 Bxf6 17. Rad1 Rhd8 18. c4 Rd3 19. Nd5 Rxb3 20. Bc1 Bxd5 21. cxd5 Nb4 22. Ne5 Rxd5 23. Nxg6 Rxd1 24. Rxd1 Rb1 25. Kf2 Rxc1 26. Rxc1 Nd3+ 27. Kf3 Nxc1 28. g4 b5 29. axb5 axb5 30. h4 b4 31. g5 hxg5 32. fxg5 b3 33. gxf6 exf6 34. Ne7+ Kb7 35. Nd5 Na2 36. Ne3 b2 37. Nc4 b1=Q 38. Na5+ 0-1

[Event "Late-Titled-Tuesday-Blitz-May-14-2024"]
[Site "Chess.com"]
[Date "2024.05.14"]
[Round "3"]
[White "vugarrasulov"]
[Black "colegiodemadrid"]
[Result "1-0"]
[WhiteElo "2958"]
[BlackElo "2546"]
[TimeControl "180+1"]
[EndTime "14:29:07 PDT"]
[Termination "vugarrasulov won by resignation"]

1. h3 d5 2. Nf3 Nf6 3. c4 e6 4. e3 Be7 5. Nc3 O-O 6. b3 a5 7.
Bb2 c5 8. cxd5 exd5 9. d4 cxd4 10. Nxd4 Nc6 11. Be2 Be6 12. O-O Bb4 13. Rc1 Rc8 14. Na4 Qe7 15. Nxc6 bxc6 16. Qd4 Ba3 17. Nc5 Bxb2 18.
Qxb2 Nd7 19. Qd4 Nf6 20. Rc3 Ra8 21. Rfc1 Bc8 22. Bd3 Re8 23. Na4 Bb7 24. Qc5 Qe5 25. Qb6 Reb8 26. Qd4 Qe7 27. Nb6 Ra7 28. Nxd5 Nxd5 29.
Qxa7 Ra8 30. Qd4 Nxc3 31. Rxc3 a4 32. b4 a3 33. Bc4 Rd8 34. Qf4 h6 35. Bb3 g6 36.
Rc1 Kg7 37. Rd1 Rxd1+ 38. Bxd1 c5 39. bxc5 Qxc5 40. Bb3 Qe7 41. h4 Qf6 42. Qxf6+ Kxf6 43. f3 Ke7 44. Kf2 f6 45. Ke2 Kd6 46. Kd3 Kc5 47. Kc3 g5 48. hxg5 hxg5 49. Be6 Ba6 50. Kb3 Bf1 51. g3 Be2 52. f4 gxf4 53. gxf4 Bd1+ 54. Kxa3 Kb5 55. Kb2 Kb4 56. a3+ Kc5 57. Kc3 Ba4 58. Bb3 Bc6 59. a4 Be4 60. Bc4 Bf5 61. a5 Be4 62. a6 Bc6 63. Bd3 Bd5 64. Kd2 Bc6 65.
Ke2 Bd5 66. Kf2 Kd6 67. Kg3 Ke6 68. Be2 1-0

[Event "Late-Titled-Tuesday-Blitz-May-14-2024"]
[Site "Chess.com"]
[Date "2024.05.14"]
[Round "3"]
[White "TheSilmarils"]
[Black "lucasmito"]
[Result "0-1"]
[WhiteElo "2885"]
[BlackElo "2725"]
[TimeControl "180+1"]
[EndTime "14:29:08 PDT"]
[Termination "lucasmito won by resignation"]

1. Nf3 d5 2. c4 d4 3. g3 Nc6 4.
Bg2 e5 5. d3 Nf6 6. O-O a5 7.
e3 Be7 8. exd4 exd4 9. Na3 h6 10.
Nb5 O-O 11. Bf4 Ne8 12. Re1 g5 13. Be5 Bc5 14. Nd2 f6 15. Qh5 fxe5 16. Ne4 Be7 17. Qg6+ Ng7 18. Nc5 Rf6 19. Bd5+ Kh8 20. Nxb7 Rxg6 21.
Nxd8 Bxd8 22. Be4 Rf6 23. a3 a4 24. Bd5 Rb8 25. Bxc6 Rxc6 26. Rxe5 Bf6 27. Rd5 Be6 28.
Nxd4 Bxd5 29. cxd5 Bxd4 30. dxc6 Rxb2 31. Kh1 Rxf2 32. Rb1 Bb6 33. d4 Nf5 34. d5 Ne3 35. d6 cxd6 36. h4 Rf1+ 37. Rxf1 Nxf1 38. hxg5 hxg5 39.
g4 Ne3 40. Kh2 Nxg4+ 41. Kg3 Ne5 0-1

[Event "Late-Titled-Tuesday-Blitz-May-14-2024"]
[Site "Chess.com"]
[Date "2024.05.14"]
[Round "3"]
[White "secretworker2027"]
[Black "temus_galaktionov"]
[Result "1-0"]
[WhiteElo "2636"]
[BlackElo "2850"]
[TimeControl "180+1"]
[EndTime "14:29:10 PDT"]
[Termination "secretworker2027 won by resignation"]

1. e4 c6 2. Nf3 g6 3. d3 Bg7 4. h4 d6 5. h5 Qb6 6. Nbd2 Bg4 7. h6 Bxh6 8. Nc4 Qc5 9. Bxh6 Nxh6 10. Rxh6 b5 11. Ne3 Bxf3 12. Qxf3 Qb4+ 13. Kd1 Qxb2 14. Rc1 Qxa2 15. g3 a5 16. Bh3 a4 17. Qg4 Kf8 18. Qh4 Kg7 19. Qxe7 Qb2 20. Qg5 f6 21. Nf5+ Kf8 22.
Qf4 gxf5 23. Qxd6+ Kg7 24. Rh5 Qe5 25. Qb4 Na6 26. Qd2 Qe7 27. Qh6+ Kg8 28. Rxf5 Rf8 29. Qh4 Nc7 30. Bg4 Ne6 31. Bh5 Ng7 32. Rf4 Qe5 33. Be2 a3 34. c3 a2 35. d4 Qe6 36. Kd2 Qb3 37. Bd1 Qb2+ 38. Bc2 Qxc1+ 39. Kxc1 a1=Q+ 40.
Kd2 b4 41. Bb3+ Ne6 42. Bxe6+ Rf7 43. Bxf7+ Kf8 44. Qxf6 Qxc3+ 45. Ke2 Qc2+ 46. Kf1 1-0

[Event "Late-Titled-Tuesday-Blitz-May-14-2024"]
[Site "Chess.com"]
[Date "2024.05.14"]
[Round "3"]
[White "laskakid"]
[Black "biostatistician"]
[Result "0-1"]
[WhiteElo "2391"]
[BlackElo "2613"]
[TimeControl "180+1"]
[EndTime "14:29:10 PDT"]
[Termination "biostatistician won by resignation"]

1. e4 e5 2. Nf3 Nc6 3. Bb5 Nf6 4.
d3 d6 5. O-O Bd7 6. c3 g6 7.
Re1 Bg7 8. h3 O-O 9. a4 Re8 10.
a5 a6 11. Bc4 Be6 12. Nbd2 Qd7 13. d4 Bxc4 14. Nxc4 exd4 15. cxd4 Rxe4 16. Rxe4 Nxe4 17. Be3 Re8 18. Qb3 d5 19. Nce5 Nxe5 20. Nxe5 Qb5 21. Qc2 c5 22. Nf3 cxd4 23. Bxd4 Qc4 24. Qxc4 dxc4 25.
Rc1 Bxd4 26. Nxd4 Re5 27. Rxc4 Rxa5 28. Nb3 Rb5 29. Rxe4 Rxb3 30. Re2 a5 31. Kf1 a4 32. Ke1 b5 33. Kd1 Kg7 34. Kc2 h5 35. Re7 h4 36.
Re4 g5 37. Re5 f6 38. Rc5 Kg6 39. f3 f5 40. Rc6+ Kf7 41. Rc5 Kf6 42. Rc6+ Ke5 43. Rc5+ Kf4 44. Rd5 Re3 45. Kd2 Rb3 46. Kc2 Kg3 47. Rxf5 Kxg2 48. Rxg5+ Kxh3 49. f4 b4 50. f5 Rf3 51. Rh5 Kg4 52. Rh8 Rxf5 53. Rg8+ Kh3 54. Ra8 Rf4 55. Rxa4 b3+ 56. Kxb3 Rxa4 57. Kxa4 Kg4 58.
b4 h3 59. b5 h2 60. b6 h1=Q 61.
Kb5 Qb7 62. Kc5 Kf4 0-1

[Event "Late-Titled-Tuesday-Blitz-May-14-2024"]
[Site "Chess.com"]
[Date "2024.05.14"]
[Round "3"]
[White "Squirlolz"]
[Black "ferrufino64"]
[Result "1-0"]
[WhiteElo "2570"]
[BlackElo "2309"]
[TimeControl "180+1"]
[EndTime "14:29:10 PDT"]
[Termination "Squirlolz won by resignation"]

1. Nf3 c5 2. g3 Nc6 3. Bg2 e5 4. O-O g6 5. c4 Bg7 6. Ne1 Nge7 7.
Nc2 d6 8. Ne3 Be6 9. Nc3 O-O 10.
Ned5 Rb8 11. Rb1 a6 12. a4 Nb4 13. d3 Nbxd5 14. cxd5 Bd7 15. b4 b6 16. Bd2 f5 17. Qc1 Qe8 18. a5 cxb4 19. Rxb4 b5 20. Bh6 Rc8 21. Bxg7 Kxg7 22. Qb2 Qd8 23. Qa3 Qc7 24.
Rc1 Qb7 25. Rbb1 Rc7 26. Na2 Rfc8 27. Nb4 Rxc1+ 28. Rxc1 Rxc1+ 29. Qxc1 Qc8 30. Nc6 Bxc6 31. dxc6 d5 32. Qc5 Qe6 33. c7 e4 34. Qxe7+ Qxe7 35. c8=Q exd3 36. exd3 Qe1+ 37. Bf1 Qxa5 38. Qd7+ Kh6 39.
Qxd5 Qb6 40. d4 b4 41. Bc4 a5 42. Qc5 Qd8 43. d5 f4 44. d6 fxg3 45. hxg3 a4 46. Qxb4 Qc8 47. Qxa4 Kg5 48. d7 Qd8 49. Bb5 h5 50. Qe4 Kh6 51. Qe8 Qa5 52. d8=Q Qa1+ 53. Bf1 Qg7 54. Qh8+ Qh7 55. Qxh7+ Kxh7 56. Qf6 1-0

[Event "Late-Titled-Tuesday-Blitz-May-14-2024"]
[Site "Chess.com"]
[Date "2024.05.14"]
[Round "3"]
[White "Nechitaylo_Nikita"]
[Black "Sanyura"]
[Result "0-1"]
[WhiteElo "2345"]
[BlackElo "2663"]
[TimeControl "180+1"]
[EndTime "14:29:10 PDT"]
[Termination "Sanyura won by checkmate"]

1. d4 Nf6 2. c4 g6 3. f3 d6 4. e4 Bg7 5. Nc3 O-O 6. Nge2 a6 7. Be3 Nc6 8. Qd2 Na5 9. Nf4 b5 10. h4 h5 11. g4 e5 12. Nfd5 Nxc4 13. Bxc4 bxc4 14.
Bg5 exd4 15. Qxd4 Nxd5 16. Qxd5 c6 17. Qxc6 Qa5 18. Bd2 Rb8 19. Nd5 Qd8 20. Qxc4 hxg4 21. Bg5 Qa5+ 22. Bd2 Qb5 23. Ne7+ Kh8 24. h5 g5 25.
Qxb5 Rxb5 26. h6 Bf6 27. Nd5 Bxb2 28. Rb1 Be5 29. Bxg5 Rxb1+ 30. Ke2 Rxh1 31. f4 g3 32. fxe5 Bg4+ 33. Ke3 g2 34. h7 g1=Q+ 35. Kf4 Qf2+ 36. Kxg4 Rg1+ 37. Kh5 Qh2+ 38. Bh4 Qxe5+ 39. Kh6 Qg7+ 40. Kh5 Qxh7# 0-1

[Event "Late-Titled-Tuesday-Blitz-May-14-2024"]
[Site "Chess.com"]
[Date "2024.05.14"]
[Round "3"]
[White "artin10862"]
[Black "bazar-wokzal"]
[Result "1-0"]
[WhiteElo "2866"]
[BlackElo "2613"]
[TimeControl "180+1"]
[EndTime "14:29:12 PDT"]
[Termination "artin10862 won on time"]

1. h4 e5 2. g3 d5 3. Bg2 Nc6 4. d3 f5 5. a3 Nf6 6. b4 Bd6 7. Bg5 h6 8. Bxf6 Qxf6 9. Bxd5 e4 10. c3 e3 11. Nf3 exf2+ 12. Kxf2 Be6 13. Bxe6 Qxe6 14.
Nbd2 O-O-O 15. Qb3 Qe7 16. Rae1 g5 17. e3 Rhg8 18.
Rhg1 Ne5 19. Nxe5 Bxe5 20. Nf3 Bf6 21. hxg5 hxg5 22. d4 Rh8 23. Rh1 Qe4 24. Qb1 Qd5 25. c4 Qe6 26. Rxh8 Rxh8 27. Rh1 Rxh1 28. Qxh1 Qxc4 29.
Qb1 Qd5 30. Qc2 a5 31. bxa5 Qxa5 32. Qb3 Kb8 33. Qe6 Bd8 34. Qb3 g4 35. Ng1 Qd2+ 36. Ne2 Ka7 37. Qa4+ Kb6 38. Qe8 1-0

[Event "Late-Titled-Tuesday-Blitz-May-14-2024"]
[Site "Chess.com"]
[Date "2024.05.14"]
[Round "3"]
[White "TanitoluwaAps116"]
[Black "simaopdias"]
[Result "1-0"]
[WhiteElo "2748"]
[BlackElo "2236"]
[TimeControl "180+1"]
[EndTime "14:29:12 PDT"]
[Termination "TanitoluwaAps116 won by checkmate"]

1. e4 c5 2. Nf3 g6 3. c3 Bg7 4. d4 cxd4 5. cxd4 d5 6. e5 Nh6 7. h3 O-O 8. Bf4 f6 9. Nc3 fxe5 10.
Bxe5 Nc6 11. Bxg7 Kxg7 12. Bb5 Qb6 13. Bxc6 bxc6 14. Qe2 Rxf3 15. Qxf3 Nf5 16. Qe2 Qxd4 17. g4 e5 18. gxf5 Bxf5 19. Rd1 Qf4 20. Qe3 Qxe3+ 21.
fxe3 Rb8 22. b3 Kf6 23. e4 d4 24. exf5 dxc3 25. fxg6 hxg6 26. Rd6+ Kf5 27. Rxc6 Ke4 28. Rxc3 Kd4 29. Rc4+ Kd3 30. Rg1 e4 31. Rg3+ e3 32.
Rgg4 Rd8 33. a4 Rd6 34. h4 e2 35. Rg3# 1-0

[Event "Late-Titled-Tuesday-Blitz-May-14-2024"]
[Site "Chess.com"]
[Date "2024.05.14"]
[Round "3"]
[White "doublesik"]
[Black "vladislavkovalev"]
[Result "1-0"]
[WhiteElo "2543"]
[BlackElo "2824"]
[TimeControl "180+1"]
[EndTime "14:29:13 PDT"]
[Termination "doublesik won by resignation"]

1. d4 Nf6 2. c4 e6 3. Nf3 b6 4. g3 Ba6 5. Qc2 Bb7 6. Bg2 Be4 7. Qb3 a5 8. Nc3 Bb4 9. Bd2 Bxc3 10. Bxc3 O-O 11.
O-O d6 12. Rfe1 Nbd7 13. Qd1 Qc8 14. Qd2 Qb7 15. b3 Rfe8 16. a4 h6 17. Qb2 Nh7 18. d5 Nhf6 19. dxe6 Rxe6 20. Nh4 Bxg2 21. Nxg2 Qe4 22.
Nf4 Re7 23. f3 Qh7 24. e4 Ne5 25. Qg2 Rae8 26. Rad1 g5 27. Nd3 Nfd7 28. Nf2 f5 29.
f4 Ng4 30. Nxg4 fxg4 31. e5 dxe5 32. Qd5+ Qf7 33. fxg5 hxg5 34. Qe4 Nf6 35. Qf5 Nh7 36. Qe4 Qf3 37. Qg6+ Kh8 38. Rxe5 Qxc3 39. Rxe7 Qe3+ 40. Rxe3 Re4 41. Rxe4 1-0

[Event "Late-Titled-Tuesday-Blitz-May-14-2024"]
[Site "Chess.com"]
[Date "2024.05.14"]
[Round "3"]
[White "jinbojinbo"]
[Black "Quattroporte300"]
[Result "1-0"]
[WhiteElo "2631"]
[BlackElo "2442"]
[TimeControl "180+1"]
[EndTime "14:29:16 PDT"]
[Termination "jinbojinbo won on time"]

1. c4 c5 2. Nc3 Nc6 3. Nf3 e5 4. g3 d6 5. Bg2 f5 6. O-O Nf6 7.
e3 Be6 8. b3 Be7 9. d4 cxd4 10.
exd4 e4 11. Ng5 Bd7 12. f3 h6 13. Nh3 exf3 14. Bxf3 O-O 15. Nf4 g5 16. Nfd5 Kg7 17. Bg2 Nxd5 18. Nxd5 Bf6 19. Bb2 Re8 20. Qd2 Rc8 21.
Nxf6 Qxf6 22. Bxc6 bxc6 23. d5 Re5 24. Bxe5 dxe5 25.
Rae1 Qd6 26. Qe3 e4 27. Qd4+ Kg6 28. g4 cxd5 29. cxd5 Rc2 30. gxf5+ Bxf5 31. Rf2 Rxf2 32. Qxf2 Qxd5 33. Qxa7 Qd2 34. Qb6+ Kh5 35. Qf2 Qd5 36.
Qe3 Bg6 37. a4 g4 38. b4 Kh4 39. Qf2+ Kg5 40. Qc5 Qxc5+ 41. bxc5 Kf4 42. a5 Be8 43. a6 Bc6 44. Kf2 Bd5 45. Rd1 e3+ 46. Ke1 Bc6 47. Rd6 1-0

[Event "Late-Titled-Tuesday-Blitz-May-14-2024"]
[Site "Chess.com"]
[Date "2024.05.14"]
[Round "3"]
[White "PawnEatingZombie"]
[Black "KamilGrycel"]
[Result "0-1"]
[WhiteElo "2305"]
[BlackElo "2569"]
[TimeControl "180+1"]
[EndTime "14:29:20 PDT"]
[Termination "KamilGrycel won on time"]

1. e4 d6 2. d4 Nf6 3. Bd3 e5 4. c3 d5 5. dxe5 Nxe4 6. Nf3 Nc5 7. Bc2 Nc6 8. h3 Be6 9. O-O Be7 10. Re1 h6 11. b4 Nd7 12. a3 a6 13. Bb2 Nb6 14. Nbd2 Qd7 15. Bb3 Nc4 16. Qc2 Bf5 17. Qc1 b5 18. a4 O-O 19. Bxc4 dxc4 20. Ne4 Rad8 21. axb5 axb5 22. Nd4 Nxd4 23. cxd4 Bxb4 24. Re3 Qd5 25. Nc3 Bxc3 26. Bxc3 Ra8 27. Qb2 Bd7 28. Qb4 Bc6 29. f3 Rxa1+ 30. Bxa1 Ra8 31. Bc3 Qd7 32. Qc5 Qd5 33. Qxd5 Bxd5 34. Bb4 Ra2 35. Kh2 Rb2 36. Bc3 Rc2 37. Kg3 Kh7 38. h4 Kg6 39. Kh3 h5 40. g4 Be6 41. Kg3 c6 42. f4 Bxg4 43. d5 cxd5 0-1

[Event "Late-Titled-Tuesday-Blitz-May-14-2024"]
[Site "Chess.com"]
[Date "2024.05.14"]
[Round "3"]
[White "pirulillo"]
[Black "merinasian"]
[Result "0-1"]
[WhiteElo "2416"]
[BlackElo "2526"]
[TimeControl "180+1"]
[EndTime "14:29:22 PDT"]
[Termination "merinasian won by resignation"]

1. e4 d6 2. d4 Nd7 3. Nc3 g6 4. f4 Bg7 5. e5 c5 6. e6 fxe6 7. Nf3 cxd4 8. Ne4 Qb6 9. Bd3 Ngf6 10. Neg5 Nc5 11. O-O O-O 12. a3 a5 13. Kh1 Nxd3 14. Qxd3 Bd7 15. a4 Nd5 16. Nxh7 Kxh7 17. Ng5+ Kg8 18.
Qxg6 Nf6 19. Rf3 Qb4 20. c3 dxc3 21. bxc3 Qb3 22. Be3 Be8 23. Qd3 Qd5 24. Qe2 Bh5 25. Rd1 Bxf3 26. gxf3 Qf5 27. Rg1 Rac8 28. Bd4 e5 29.
fxe5 dxe5 30. Bxe5 Nh5 31. Bxg7 Nxg7 32. f4 Qd5+ 33.
Rg2 Rxc3 34. h4 Rxf4 35. Qe1 Rg3 36. Qxg3 Qd4 37. Ne6 Rxh4+ 38. Qxh4 Qxh4+ 39. Kg1 Qe1+ 0-1

[Event "Late-Titled-Tuesday-Blitz-May-14-2024"]
[Site "Chess.com"]
[Date "2024.05.14"]
[Round "3"]
[White "shirovin"]
[Black "NajdorfPlayerc5"]
[Result "0-1"]
[WhiteElo "2100"]
[BlackElo "2393"]
[TimeControl "180+1"]
[EndTime "14:29:23 PDT"]
[Termination "NajdorfPlayerc5 won on time"]

1. b3 e5 2. Bb2 Nc6 3. e3 Nf6 4. Nf3 Bd6 5. Bb5 Qe7 6. d3 O-O 7. O-O a6 8. Bxc6 dxc6 9. Nbd2 Bg4 10. h3 Bh5 11. e4 Nd7 12. Nc4 f5 13. exf5 e4 14.
dxe4 Qxe4 15. Qd4 Qxd4 16. Nxd4 Ne5 17. Nxd6 cxd6 18. g4 Bf7 19. f4 Nd7 20. Rfe1 Rfe8 21. Ne6 g6 22. Nc7 Rxe1+ 23. Rxe1 Rc8 24. Ne6 Re8 25. c4 Nf8 26. Ba3 c5 27. b4 b6 28.
bxc5 bxc5 29. Bb2 Nxe6 30. fxe6 Rxe6 31. Rxe6 Bxe6 32. Kf2 Bxc4 33. a3 Kf7 34. Ke3 Bf1 35. h4 Ke6 36. Bc3 d5 37. Ba5 d4+ 38. Kd2 Kd5 39.
Bb6 c4 40. a4 Bh3 41. Ba5 Bxg4 42. Bb4 c3+ 0-1

[Event "Late-Titled-Tuesday-Blitz-May-14-2024"]
[Site "Chess.com"]
[Date "2024.05.14"]
[Round "3"]
[White "Schattman"]
[Black "Felix-Rose"]
[Result "1-0"]
[WhiteElo "2564"]
[BlackElo "2285"]
[TimeControl "180+1"]
[EndTime "14:29:24 PDT"]
[Termination "Schattman won by resignation"]

1. Nf3 d5 2. e3 Nf6 3. c4 e6 4.
Nc3 Be7 5. b3 O-O 6. Bb2 b6 7.
cxd5 Nxd5 8. Nxd5 Qxd5 9. Bc4 Qd8 10. Qe2 c5 11. O-O Bf6 12. d4 cxd4 13. Nxd4 Bb7 14.
Rfd1 Qe7 15. a4 Rd8 16. Ba3 Qc7 17. Bb2 Nd7 18. Rac1 Qb8 19. Nxe6 Bxb2 20. Qxb2 fxe6 21. Bxe6+ Kh8 22. Rxd7 Rxd7 23. Bxd7 Qd6 24. Qd4 Qg6 25. Bh3 h6 26. g3 Rf8 27. Bg2 Bxg2 28. Kxg2 Qf7 29.
Qd2 Qxb3 30. Ra1 Qf7 31. h4 Qf3+ 32. Kg1 Qe4 33. Qd4 Qf5 34. e4 Qf3 35. Re1 Qg4 36. Qe3 Rf3 37. Qe2 Kh7 38. e5 Qf5 39. e6 Rc3 40. e7 Rc2 41. e8=Q Rxe2 42. Qxe2 1-0

[Event "Late-Titled-Tuesday-Blitz-May-14-2024"]
[Site "Chess.com"]
[Date "2024.05.14"]
[Round "3"]
[White "Zhigalko_Sergei"]
[Black "rhungaski"]
[Result "0-1"]
[WhiteElo "2827"]
[BlackElo "2544"]
[TimeControl "180+1"]
[EndTime "14:29:25 PDT"]
[Termination "rhungaski won on time"]

1. e4 e6 2. d4 d5 3. e5 c5 4. c3 Qb6 5. Nf3 Bd7 6. Be2 cxd4 7. cxd4 Bb5 8. Nc3 Bb4 9. O-O Bxc3 10. bxc3 Bxe2 11. Qxe2 Qa6 12. Qc2 Ne7 13. a4 Nbc6 14. Ba3 Rc8 15. Rfb1 b6 16. h3 h6 17. g3 O-O 18. a5 bxa5 19. Bc5 Rb8 20. Kg2 Rfc8 21. Ne1 Nf5 22. Qa4 Rxb1 23. Rxb1 Qe2 24. Kg1 Nxe5 25. Qxa5 Nc6 26. Qa4 h5 27. Qc2 Qxc2 28. Nxc2 a5 29. g4 hxg4 30. hxg4 Nh4 31. Ne1 Rb8 32. Rc1 Rb2 33. Kh2 g5 34. Kg3 Ng6 35. Nf3 f6 36. Re1 Nf4 37. Bd6 Ne2+ 38. Kg2 Kf7 39.
Ba3 Ra2 40. Bc5 Nxc3 41. Rh1 Kg7 42. Re1 Ne4 43. Rf1 Nb4 44. Bxb4 axb4 45. Rb1 Rxf2+ 0-1

[Event "Late-Titled-Tuesday-Blitz-May-14-2024"]
[Site "Chess.com"]
[Date "2024.05.14"]
[Round "3"]
[White "Indefatigable11"]
[Black "AungTZ"]
[Result "1-0"]
[WhiteElo "2390"]
[BlackElo "2083"]
[TimeControl "180+1"]
[EndTime "14:29:25 PDT"]
[Termination "Indefatigable11 won on time"]

1. d4 Nf6 2. c4 e6 3. Nf3 d5 4. Nc3 Be7 5. Bf4 c5 6. e3 O-O 7. dxc5 Bxc5 8. a3 a6 9. Qc2 Nc6 10. cxd5 exd5 11. Rd1 Be6 12. Bd3 h6 13. O-O Qe7 14.
Ne5 Nxe5 15. Bxe5 Rac8 16. Qe2 Rfd8 17. Qf3 Ne8 18. Ne2 f6 19. Bd4 Nd6 20. Bxc5 Rxc5 21. Nd4 Bf7 22. Rc1 Rdc8 23. Rxc5 Rxc5 24. b4 Rc3 25.
Bb1 Rxa3 26. Rc1 g6 27. Qg3 Kg7 28. h4 h5 29. Nf5+ Nxf5 30. Bxf5 Qxb4 31. Rc7 Ra1+ 32. Kh2 Qb1 33. Qxg6+ 1-0

[Event "Late-Titled-Tuesday-Blitz-May-14-2024"]
[Site "Chess.com"]
[Date "2024.05.14"]
[Round "3"]
[White "grozdanovic_a"]
[Black "szachmistrz2500"]
[Result "0-1"]
[WhiteElo "2268"]
[BlackElo "2480"]
[TimeControl "180+1"]
[EndTime "14:29:26 PDT"]
[Termination "szachmistrz2500 won by resignation"]

1. d4 Nf6 2. Nf3 c5 3. d5 d6 4. c4 Bg4 5. Nbd2 e5 6. e4 Be7 7. h3 Bh5 8. Bd3 O-O 9. O-O a6 10. a4 Nbd7 11. a5 Ne8 12. Qc2 Bxf3 13. Nxf3 g6 14. Bh6 Ng7 15. Ra3 Nf6 16. Nd2 Kh8 17.
Rb1 Ng8 18. Bxg7+ Kxg7 19. b4 cxb4 20. Rxb4 Rb8 21. Qb1 Qc7 22. Rb6 Nf6 23. Rab3 Rfe8 24. R3b4 Nh5 25. g3 Qc5 26. Nb3 Qc7 27. Kg2 Qd7 28.
Nd2 Qc7 29. Be2 Nf6 30. Nb3 Bd8 31. Nd2 Re7 32. Ra4 Qc5 33. Rb2 h5 34. Nb3 Qc8 35. Rc2 Nxe4 36. c5 Nxc5 37. Nxc5 dxc5 38. Qc1 b6 39. axb6 Bxb6 40. Bxa6 Qd7 41. Raa2 Qxd5+ 42.
Kh2 Qf3 43. Rc3 Qf5 44. Bd3 Qf6 45. Ra6 e4 46. Bc4 Qxf2+ 47. Kh1 e3 48. Qa1 Kh7 49. Rc1 Qxg3 50. Bf1 e2 51. Bg2 e1=Q+ 52. Rxe1 Rxe1+ 0-1

[Event "Late-Titled-Tuesday-Blitz-May-14-2024"]
[Site "Chess.com"]
[Date "2024.05.14"]
[Round "3"]
[White "osielchesslover2011"]
[Black "DACF2905"]
[Result "1-0"]
[WhiteElo "2237"]
[BlackElo "2414"]
[TimeControl "180+1"]
[EndTime "14:29:26 PDT"]
[Termination "osielchesslover2011 won by checkmate"]

1. e4 e5 2. Nf3 Nc6 3. Bb5 Nf6 4. O-O Nxe4 5. d4 Nd6 6. dxe5 Nxb5 7. a4 Nd6 8. exd6 Bxd6 9. Re1+ Be7 10. Bg5 f6 11. Bf4 O-O 12. Qd5+ Kh8 13. Nc3 Bb4 14. Rad1 Bxc3 15.
bxc3 d6 16. Nd4 Ne5 17. Ne6 Bxe6 18. Qxe6 Re8 19. Qf5 Qe7 20. Bg3 Nf3+ 21. gxf3 Qxe1+ 22. Rxe1 Rxe1+ 23. Kg2 Rae8 24. Qd7 R8e7 25. Qc8+ Re8 26. Qxc7 R1e7 27. Qxd6 Re6 28. Qd5 Re2 29. c4 Rxc2 30.
Qxb7 Rxc4 31. Qxa7 Rcc8 32. a5 Ra8 33. Qb6 Reb8 34.
Bxb8 g6 35. a6 Kg7 36. Qb7+ Kh6 37. Qxa8 f5 38. Qb7 f4 39. a7 g5 40. a8=Q g4 41.
Qaa6+ Kh5 42. Qbb5+ Kh4 43. Qh6# 1-0

[Event "Late-Titled-Tuesday-Blitz-May-14-2024"]
[Site "Chess.com"]
[Date "2024.05.14"]
[Round "3"]
[White "VirtualCoach"]
[Black "WPWPWP-2015"]
[Result "0-1"]
[WhiteElo "2203"]
[BlackElo "2423"]
[TimeControl "180+1"]
[EndTime "14:29:26 PDT"]
[Termination "WPWPWP-2015 won by resignation"]

1. e4 c5 2. Nc3 d6 3. Nge2 Nf6 4. g3 h5 5. h4 Bg4 6. Bg2 Nc6 7. f3 Be6 8. d3 g6 9. Be3 Bg7 10.
d4 cxd4 11. Nxd4 Nxd4 12. Bxd4 Qc7 13. O-O O-O 14. Rc1 a6 15. Re1 Qd7 16. Qe2 b5 17.
a3 Rac8 18. Rcd1 Bc4 19. Qf2 Qc7 20. e5 dxe5 21. Bxe5 Qc5 22. Bd4 Qc7 23. Bb6 Qb7 24.
Bc5 Rfe8 25. b4 e5 26. f4 e4 27. Nxe4 Nxe4 28. Qe3 f5 29. Qf3 Nxc5 30. Qxb7 Nxb7 31.
Bxb7 Rb8 32. Bf3 Bd4+ 33. Kg2 Rxe1 34. Rxe1 Kf7 35. Rd1 Rd8 36. c3 Bf6 37. Re1 Bxc3 38. Rc1 Rd2+ 39. Kh3 Bb2 40. Rb1 Bxa3 41. Ra1 Bxb4 42.
Rxa6 Bf1+ 0-1

[Event "Late-Titled-Tuesday-Blitz-May-14-2024"]
[Site "Chess.com"]
[Date "2024.05.14"]
[Round "3"]
[White "besarquis"]
[Black "ImportedItalianMaple"]
[Result "0-1"]
[WhiteElo "2315"]
[BlackElo "2570"]
[TimeControl "180+1"]
[EndTime "14:29:27 PDT"]
[Termination "ImportedItalianMaple won by resignation"]

1. e4 g6 2. d4 Bg7 3. Nc3 d5 4. exd5 Nf6 5. Nf3 Nxd5 6. Bc4 Nxc3 7. bxc3 c5 8. O-O O-O 9. Re1 Nc6 10. Be3 Bg4 11.
h3 Bxf3 12. Qxf3 cxd4 13. cxd4 Nxd4 14. Bxd4 Qxd4 15. Bb3 a5 16. a4 Qb4 17. Re4 Qb6 18. Rd1 e6 19. Re3 Rad8 20. Red3 Rd4 21. Rxd4 Bxd4 22.
Qd3 e5 23. Qf3 Kg7 24. Bd5 Qc5 25. Bb3 b5 26. axb5 Qxb5 27. Bd5 Qc5 28. c4 a4 29.
Rb1 a3 30. Rb7 a2 31. Rxf7+ Rxf7 32. Qxf7+ Kh6 33. g4 a1=Q+ 34. Kg2 Qc1 0-1

[Event "Late-Titled-Tuesday-Blitz-May-14-2024"]
[Site "Chess.com"]
[Date "2024.05.14"]
[Round "3"]
[White "th3d4rkness"]
[Black "subham777"]
[Result "0-1"]
[WhiteElo "2176"]
[BlackElo "2553"]
[TimeControl "180+1"]
[EndTime "14:29:28 PDT"]
[Termination "subham777 won on time"]

1. e4 e6 2. d3 c5 3. Nd2 Nc6 4.
g3 g6 5. Bg2 Bg7 6. f4 Nge7 7.
Ngf3 O-O 8. O-O d6 9. Kh1 f5 10. exf5 Nxf5 11. Re1 e5 12. fxe5 Nxe5 13. Nxe5 Bxe5 14. Nc4 Bg7 15. a4 Rb8 16. Bf4 g5 17. Bd5+ Kh8 18. Bd2 b6 19. Qh5 Bf6 20. Rf1 Ng7 21.
Qh6 Nf5 22. Qh5 a6 23. Bc3 Bxc3 24. bxc3 Bb7 25. Bxb7 Rxb7 26. Rae1 Rbf7 27. Kg2 Qa8+ 28. Kg1 b5 29. Nxd6 Nxd6 30. Rxf7 Nxf7 31. Qe2 Qd8 32. axb5 axb5 33. Qe6 Qd6 34. Qf5 Qg6 0-1

[Event "Late-Titled-Tuesday-Blitz-May-14-2024"]
[Site "Chess.com"]
[Date "2024.05.14"]
[Round "3"]
[White "mfschulz"]
[Black "WindWhistler11"]
[Result "0-1"]
[WhiteElo "2300"]
[BlackElo "2515"]
[TimeControl "180+1"]
[EndTime "14:29:28 PDT"]
[Termination "WindWhistler11 won on time"]

1. d4 Nf6 2. Bg5 Ne4 3. Bf4 c5 4. f3 Nf6 5. d5 d6 6. e4 g6 7. c4 Bg7 8. Nc3 Na6 9. Qd2 h5 10. h4 Nc7 11. a4 Nd7 12. Nh3 Rb8 13. Bd3 a6 14. O-O Ne5 15. Ng5 f6 16. Bxe5 dxe5 17. Nh3 Bh6 18. Qf2 Bxh3 19. gxh3 Qd7 20. Kg2 Rg8 21. Qxc5 g5 22. hxg5 Bxg5 23. Kf2 Rc8 24.
Ke2 Qxh3 25. d6 Nb5 26. d7+ Qxd7 27. Qd5 Nd4+ 28. Kd1 e6 29. Qxd7+ Kxd7 30. a5 Ke7 31. Na4 Rgd8 32. Nb6 Rc6 33. Ra3 h4 34. Ke1 Bf4 35.
Kf2 Rg8 36. Rh1 Bg3+ 37. Kf1 Rd8 38. Be2 Nc2 39. Rb3 Rd2 0-1